 Dungeon Crawl Stone Soup version 0.31.0-1-g2c135a008e (webtiles) character file.

Game seed: 1469626297186316252

3423 qw the Skirmisher (level 10, -1/72 HPs)
             Began as a Djinni Hunter on Jan 24, 2024.
             Was a Priest of Okawaru.
             Slain by Gastronok (24 damage)
             ... on level 8 of the Dungeon.
             The game lasted 00:00:38 (7087 turns).

qw the Skirmisher (Djinni Hunter)                   Turns: 7087, Time: 00:00:38

Health: -1/72      AC:  6    Str: 10    XL:     10   Next: 25%
Gold:   421        EV: 16    Int: 10    God:    Okawaru [***...] SH:  0 Dex: 22

rFire   + + .        b - +0 orcbow
rCold   x . .        (shield currently unavailable)
rNeg    . . .        c - +0 troll leather armour
rPois   inf          g - +2 helmet
rElec   .            j - scarf {repulsion}
rCorr   .            (no gloves)
SInv    .            (boots unavailable)
Will    +....        (no amulet)
Stlth   ++           (no ring)
HPRegen 1.12/turn    (no ring)
MPRegen 0.00/turn

%: repel missiles, infuse magic (-2 HP)
@: finesse-ful, flying
A: sickness immunity, fire resistance 2, cold vulnerability 1, float, innate
caster, HP casting, extra vitality 1
a: Renounce Religion, Heroism


You were on level 8 of the Dungeon.
You worshipped Okawaru.
Okawaru was most pleased with you.
You visited 1 branch of the dungeon, and saw 8 of its levels.

You collected 505 gold pieces.
You spent 84 gold pieces at shops.


Innate Abilities, Weirdness & Mutations

You are immune to sickness and miasma.
You are immune to poison.
Your flesh is very heat resistant. (rF++)
You are vulnerable to cold. (rC-)
You float through the air rather than walking.
You learn spells naturally, not from books.
Your magical power is your life essence.
You have superior vitality. (+4 MHP)


   Skills:
 - Level 6.1 Fighting
 - Level 9.0 Ranged Weapons
 - Level 2.0 Armour
 + Level 6.9 Dodging
 - Level 0.7 Stealth
 - Level 4.5 Invocations


You knew the following spells:

 Your Spells              Type           Power      Damage    Failure   Level
a - Freeze                Ice            0%         1d3       45%         1
b - Ensorcelled Hibernat  Hex/Ice        0%         N/A       58%         2
c - Passwall              Erth           0%         N/A       83%         3
d - Hailstorm             Conj/Ice       0%         3d5       83%         3
Your spell library was empty.

Inventory:

Hand Weapons
 b - a +0 orcbow (weapon)
Armour
 c - a +0 troll leather armour (worn)
 g - a +2 helmet (worn)
 j - a scarf of repulsion (worn)
Scrolls
 h - 4 scrolls of teleportation
Potions
 a - a potion of curing
 e - a potion of might
 i - a potion of haste
 k - 3 potions of enlightenment
 m - a potion of resistance {unknown}

Dungeon Overview and Level Annotations

Branches:
Dungeon (8/15)             Temple (0/1) D:5
   Lair: D:8-11

Altars:
Hepliaklqana
Okawaru
Trog
Xom
Zin

Shops:
D:1 !   D:2 ?   D:7 =

Annotations:
D:3 1 runed translucent door, qw's ghost, amateur DjHu
D:8 Gastronok


Message History

Gastronok is moderately wounded.
You shoot an arrow. The arrow hits Gastronok.
Gastronok is moderately wounded.
You shoot an arrow. The arrow completely misses Gastronok.
You shoot an arrow. The arrow hits Gastronok!
Gastronok is moderately wounded.
Gastronok bites you!!
You hear two shouts!
You shoot an arrow. The arrow hits Gastronok.
Gastronok is moderately wounded.
You shoot an arrow. The arrow hits Gastronok!
Gastronok is heavily wounded.
You shoot an arrow.
The arrow hits Gastronok but does no damage.
Gastronok is heavily wounded.
A two-headed ogre comes into view. It is wielding two +0 giant clubs.
You shoot an arrow.
The arrow hits Gastronok but does no damage.
Gastronok is heavily wounded.
Gastronok bites you!!
You shoot an arrow. The arrow hits Gastronok.
Gastronok is heavily wounded.
You shoot an arrow. The arrow hits Gastronok!
Gastronok is heavily wounded.
You shoot an arrow. The arrow hits Gastronok.
Gastronok is heavily wounded.
You shoot an arrow. The arrow hits Gastronok.
Gastronok is heavily wounded.
Gastronok bites you.
You shoot an arrow.
The arrow hits Gastronok but does no damage.
Gastronok is heavily wounded.
You shoot an arrow. The arrow hits Gastronok!
Gastronok is heavily wounded.
You shoot an arrow.
The arrow hits Gastronok but does no damage.
Gastronok is heavily wounded.
Gastronok bites you!!
You die...
Gastronok gurgles, "Let's see if you taste as good as that wizard did."

#.#
#.......#
..#
#.......#
####
#.......#
#...[...#
#.......#
##O######
#.# #.# #@#
#.>...w...#
#.........#
#.........#
#######+###
####
...####
.....


You could see Gastronok (swift) and a two-headed ogre.

Vanquished Creatures
  An unseen horror (D:6)
  A troll (D:7)
  A hornet (D:8)
  A steam dragon (D:8)
  An acid dragon (D:6)
  A water moccasin (D:6)
  2 black bears
  2 ice beasts
  An orc warrior (D:7)
  An ogre (D:6)
  2 centaurs
  4 bullfrogs
  8 wights
  6 killer bees (D:7)
  An electric eel (D:6)
  A bombardier beetle (D:5)
  3 jellies
  2 orc priests
  2 gnoll boudas (D:7)
  An iguana (D:7)
  Natasha (D:1)
  5 orc wizards
  9 gnolls (D:7)
  7 adders
  A river rat (D:6)
  2 shadow imps
  4 dart slugs
  6 ribbon worms
  12 orcs
  5 ball pythons
  A bat zombie (D:2)
  8 endoplasms
  4 giant cockroaches
  6 goblins
  8 hobgoblins
  8 jackals
  2 quokkas
  A ball python skeleton (D:2)
  5 bats
  9 frilled lizards
  A giant cockroach zombie (D:2)
  A jackal zombie (D:2)
  13 kobolds
  A quokka zombie (D:6)
  6 rats
  A rat zombie (D:6)
169 creatures vanquished.

Vanquished Creatures (others)
  An angel (D:3)
1 creature vanquished.

Grand Total: 170 creatures vanquished

Notes
Turn   | Place    | Note
-------+----------+-------------------------------------------
     0 | D:1      | qw the Djinni Hunter began the quest for the Orb.
     0 | D:1      | Reached XP level 1. HP: 18/18 MP: 0/0
     0 | D:1      | 0 ||| qw: Version: 0.3-a-136-gdd3b4e8
     0 | D:1      | 0 ||| qw: Game counter: 1278
     0 | D:1      | 0 ||| qw: Melee chars always use a shield: true
     0 | D:1      | 0 ||| qw: God list: Okawaru
     0 | D:1      | 0 ||| qw: Allow faded altars: false
     0 | D:1      | 0 ||| qw: Do Orc after clearing Dungeon:15 true
     0 | D:1      | 0 ||| qw: Do second Lair branch before Depths: true
     0 | D:1      | 0 ||| qw: Lair rune preference: random
     0 | D:1      | 0 ||| qw: Goals: Normal
     0 | D:1      | 0 ||| PLANNING D:1-11
   167 | D:1      | Reached XP level 2. HP: 23/23 MP: 0/0
   519 | D:1      | Found Telid's Distillery.
   534 | D:1      | 534 ||| SHOPLISTING potion of enlightenment (70 gold, have
                  | 61).
   534 | D:1      | 534 ||| SHOPLISTING potion of haste (140 gold, have 61).
   534 | D:1      | 534 ||| SHOPLISTING potion of heal wounds (70 gold, have
                  | 61).
   534 | D:1      | 534 ||| SHOPLISTING potion of mutation (112 gold, have 61).
   647 | D:1      | Reached skill level 4 in Ranged Weapons
   647 | D:1      | Reached XP level 3. HP: 25/28 MP: 0/0
   647 | D:1      | Learned a level 1 spell: Freeze
   836 | D:1      | 836 ||| UPGRADING to +0 ring mail.
   846 | D:1      | 846 ||| DROPPING +0 leather armour.
   847 | D:1      | 847 ||| UPGRADING to +2 helmet.
   852 | D:1      | 852 ||| DROPPING +2 helmet.
   853 | D:1      | 853 ||| READING scroll labelled REXEICKA DORU.
   853 | D:1      | 853 ||| IDENTIFYING green potion
   854 | D:1      | 854 ||| READING scroll labelled DUNEUCL QESOXKA.
   855 | D:1      | 855 ||| READING 2 scrolls labelled XAC UDILOAVE.
   858 | D:1      | 858 ||| READING scroll labelled QIXOYSSORAMM.
   959 | D:1      | 959 ||| DROPPING scroll of butterflies.
   968 | D:2      | Noticed Natasha
   972 | D:2      | 972 ||| STAIRDANCE
   986 | D:2      | 986 ||| STAIRDANCE
   997 | D:1      | Killed Natasha
   998 | D:1      | Reached XP level 4. HP: 14/33 MP: 0/0
  1450 | D:2      | Found Axki's Magic Scroll Shoppe.
  1469 | D:2      | 1469 ||| BUYING 2 scrolls of teleportation (84 gold).
  1469 | D:2      | Bought 2 scrolls of teleportation for 84 gold pieces
  1469 | D:2      | 1469 ||| SHOPLISTING scroll of teleportation (42 gold, have
                  | 23).
  1586 | D:2      | Reached skill level 3 in Fighting
  1970 | D:2      | Reached XP level 5. HP: 40/40 MP: 0/0
  1970 | D:2      | Learned a level 2 spell: Ensorcelled Hibernation
  1993 | D:2      | 1993 ||| READING scroll labelled QEOCAPNOED.
  1993 | D:2      | 1993 ||| BRANDING +0 shortbow.
  2051 | D:3      | 2051 ||| FLEEEEING.
  2052 | D:3      | 2052 ||| FLEEEEING.
  2053 | D:3      | 2053 ||| FLEEEEING.
  2054 | D:3      | 2054 ||| FLEEEEING.
  2055 | D:3      | 2055 ||| FLEEEEING.
  2057 | D:3      | 2057 ||| FLEEEEING.
  2089 | D:3      | Found a shimmering altar of Xom.
  2089 | D:3      | Noticed an angel
  2090 | D:3      | Found a glowing silver altar of Zin.
  2231 | D:3      | Found a runed translucent door.
  2240 | D:3      | Found an iron altar of Okawaru.
  2241 | D:3      | 2241 ||| PLANNING OKAWARU WORSHIP
  2241 | D:3      | 2241 ||| UPGRADING to scarf of repulsion.
  2246 | D:3      | 2246 ||| DRINKING 2 metallic grey potions.
  2247 | D:3      | 2247 ||| DRINKING 2 sedimented green potions.
  2248 | D:3      | 2248 ||| DROPPING potion of attraction.
  2254 | D:3      | Became a worshipper of Warmaster Okawaru
  2255 | D:3      | 2255 ||| PLANNING D:1-11
  2553 | D:3      | Killed an angel
  2730 | D:3      | Noticed qw's ghost (amateur DjHu)
  2763 | D:4      | Noticed an ice beast
  2769 | D:4      | HP: 3/40 [ice beast (21)]
  2770 | D:4      | 2770 ||| READING 3 scrolls of teleportation.
  2771 | D:4      | 2771 ||| DRINKING potion of heal wounds.
  2989 | D:4      | Killed an ice beast
  2990 | D:4      | Reached skill level 5 in Ranged Weapons
  2990 | D:4      | Reached XP level 6. HP: 46/46 MP: 0/0
  3003 | D:4      | Reached * piety under Okawaru
  3004 | D:4      | Reached skill level 3 in Dodging
  3281 | D:4      | Reached skill level 1 in Invocations
  3281 | D:4      | Reached XP level 7. HP: 50/50 MP: 0/0
  3281 | D:4      | Learned a level 3 spell: Passwall
  3461 | D:4      | 3461 ||| READING scroll labelled YCRAOW TIBOGRI.
  3462 | D:4      | 3462 ||| DRINKING 2 metallic purple potions.
  3463 | D:4      | 3463 ||| DRINKING 2 red potions.
  3464 | D:4      | 3464 ||| DROPPING potion of brilliance.
  3467 | D:5      | Entered Level 5 of the Dungeon
  3827 | D:5      | Found a staircase to the Ecumenical Temple.
  3876 | D:5      | Found a bloodstained altar of Trog.
  4079 | D:5      | 4079 ||| READING scroll of identify.
  4079 | D:5      | 4079 ||| IDENTIFYING bubbling blue potion
  4080 | D:5      | 4080 ||| READING scroll labelled XEPHITONELL.
  4081 | D:5      | 4081 ||| DRINKING 2 viscous yellow potions.
  4082 | D:5      | 4082 ||| DRINKING potion of curing.
  4082 | D:5      | 4082 ||| (to cure confusion)
  4083 | D:5      | 4083 ||| DRINKING 2 bubbling grey potions.
  4084 | D:5      | 4084 ||| DROPPING potion of degeneration.
  4085 | D:5      | 4085 ||| DROPPING potion of ambrosia.
  4103 | D:6      | 4103 ||| PLANNING OSSUARY
  4178 | D:6      | Noticed an acid dragon
  4179 | D:6      | 4179 ||| INVOKING Heroism.
  4186 | D:6      | Killed an acid dragon
  4187 | D:6      | Reached skill level 3 in Invocations
  4191 | D:6      | Reached XP level 8. HP: 44/58 MP: 0/0
  4198 | D:6      | Killed an unseen horror
  4198 | D:6      | Reached ** piety under Okawaru
  4199 | D:6      | Reached skill level 6 in Ranged Weapons
  4211 | D:6      | 4211 ||| FLEEEEING.
  4212 | D:6      | 4212 ||| FLEEEEING.
  4293 | D:6      | 4293 ||| SWAPPING to +0 orcbow.
  4294 | D:6      | 4294 ||| DROPPING +0 shortbow of electrocution.
  4298 | D:6      | 4298 ||| FLEEEEING.
  4329 | D:6      | 4329 ||| FLEEEEING.
  4354 | D:6      | 4354 ||| FLEEEEING.
  4394 | D:6      | 4394 ||| FLEEEEING.
  4429 | D:6      | 4429 ||| FLEEEEING.
  4471 | D:6      | 4471 ||| FLEEEEING.
  4560 | D:6      | Reached *** piety under Okawaru
  4564 | D:6      | 4564 ||| FLEEEEING.
  4645 | D:6      | Reached skill level 7 in Ranged Weapons
  4719 | D:6      | 4719 ||| RIP SEWER
  4730 | D:6      | Reached XP level 9. HP: 43/62 MP: 0/0
  4730 | D:6      | Learned a level 3 spell: Hailstorm
  4854 | D:6      | 4854 ||| RIP OSSUARY
  4855 | D:6      | 4855 ||| PLANNING D:1-11
  5614 | D:7      | 5614 ||| RETREEEEATING.
  5615 | D:7      | 5615 ||| RETREEEEATING.
  5617 | D:7      | 5617 ||| RETREEEEATING.
  5618 | D:7      | 5618 ||| RETREEEEATING.
  5619 | D:7      | 5619 ||| RETREEEEATING.
  5818 | D:7      | Noticed a troll
  5819 | D:7      | 5819 ||| INVOKING Heroism.
  5841 | D:7      | 5841 ||| FLEEEEING.
  5842 | D:7      | 5842 ||| RETREEEEATING.
  5844 | D:7      | 5844 ||| RETREEEEATING.
  5845 | D:7      | 5845 ||| RETREEEEATING.
  5846 | D:7      | 5846 ||| INVOKING Heroism.
  5849 | D:7      | 5849 ||| RETREEEEATING.
  5850 | D:7      | 5850 ||| RETREEEEATING.
  5851 | D:7      | 5851 ||| RETREEEEATING.
  5852 | D:7      | 5852 ||| RETREEEEATING.
  5853 | D:7      | 5853 ||| RETREEEEATING.
  5854 | D:7      | 5854 ||| RETREEEEATING.
  5855 | D:7      | 5855 ||| RETREEEEATING.
  5855 | D:7      | HP: 15/65 [troll (5)]
  5855 | D:7      | HP: 7/65 [troll (8)]
  5856 | D:7      | 5856 ||| READING 4 scrolls of teleportation.
  5856 | D:7      | HP: 3/65 [troll (4)]
  5857 | D:7      | 5857 ||| DRINKING 2 potions of heal wounds.
  5858 | D:7      | 5858 ||| RETREEEEATING.
  5887 | D:7      | 5887 ||| INVOKING Heroism.
  5894 | D:7      | HP: 7/65 [troll (11)]
  5895 | D:7      | 5895 ||| READING 3 scrolls of teleportation.
  5896 | D:7      | 5896 ||| DRINKING potion of heal wounds.
  6192 | D:7      | HP: 10/65 [white imp/puff of frost (13)]
  6193 | D:7      | 6193 ||| READING 2 scrolls of teleportation.
  6340 | D:7      | 6340 ||| FLEEEEING.
  6347 | D:7      | 6347 ||| FLEEEEING.
  6348 | D:7      | 6348 ||| FLEEEEING.
  6372 | D:7      | Reached skill level 8 in Ranged Weapons
  6482 | D:7      | 6482 ||| INVOKING Heroism.
  6580 | D:7      | Reached skill level 6 in Fighting
  6589 | D:7      | Found a hazy altar of Hepliaklqana.
  6670 | D:7      | 6670 ||| INVOKING Heroism.
  6677 | D:7      | Killed a troll
  6747 | D:7      | Found Pighy's Jewellery Boutique.
  6757 | D:7      | 6757 ||| SHOPLISTING +4 ring of protection (576 gold, have
                  | 383).
  6757 | D:7      | 6757 ||| SHOPLISTING +6 ring of dexterity (576 gold, have
                  | 383).
  6757 | D:7      | 6757 ||| SHOPLISTING +6 ring of strength (576 gold, have
                  | 383).
  6894 | D:7      | 6894 ||| UPGRADING to +0 troll leather armour.
  6904 | D:7      | 6904 ||| DROPPING +0 ring mail.
  6905 | D:7      | 6905 ||| READING scroll of identify.
  6905 | D:7      | 6905 ||| IDENTIFYING white potion
  6906 | D:7      | 6906 ||| READING 3 scrolls labelled RUOQENEXTY.
  6907 | D:7      | 6907 ||| DROPPING 2 scrolls of blinking.
  6926 | D:8      | 6926 ||| RETREEEEATING.
  6927 | D:8      | 6927 ||| RETREEEEATING.
  6928 | D:8      | 6928 ||| RETREEEEATING.
  6929 | D:8      | 6929 ||| RETREEEEATING.
  6930 | D:8      | Reached XP level 10. HP: 62/72 MP: 0/0
  6930 | D:8      | 6930 ||| RETREEEEATING.
  6931 | D:8      | 6931 ||| RETREEEEATING.
  6932 | D:8      | 6932 ||| RETREEEEATING.
  6944 | D:8      | Reached skill level 6 in Dodging
  6994 | D:8      | 6994 ||| STAIRDANCE
  6999 | D:7      | 6999 ||| INVOKING Heroism.
  7009 | D:8      | Reached skill level 9 in Ranged Weapons
  7035 | D:8      | Reached **** piety under Okawaru
  7065 | D:8      | Noticed Gastronok
  7066 | D:8      | 7066 ||| INVOKING Finesse.
  7079 | D:8      | Noticed a two-headed ogre
  7087 | D:8      | Slain by Gastronok

Levels and vault maps discovered:
D:1:      psy_arrival_statuary, layout_basic, serial_shops,
          nicolae_shop_statue_plus
D:2:      wad_lake_hut, layout_basic, serial_shops, nicolae_diamond_shop,
          serial_undead, serial_undead_c, serial_undead_f, serial_undead_a,
          serial_undead_a, basic_altar, uniq_natasha
D:3:      layout_loops_ring, grunt_temple_overflow_order_and_chaos_1,
          nicolae_overflow_two_pavilions, ebering_ghost_sewer_d,
          minmay_strange_pillars, st_stairs_12
D:4:      layout_loops_ring
D:5:      layout_gridville, bloody_trog, minmay_temple_entry_ruins
D:6:      kennysheep_big_flooded_room, layout_cave_pools,
          lightli_sewer_entry_pipes, enter_ossuary_4, chequers_avenue,
          corexii_corridor_pit, dreamdust_wishing_well,
          chequers_serial_rivers_large_b
D:7:      layout_basic, nzn_hepliaklqana_mist_gate, dreamdust_princess_corridor,
          minmay_shop_enchanted_jewellery, kennysheep_small_spiral
D:8:      layout_basic, hangedman_decor_points, chequers_serial_rivers_marsh,
          grunt_ministairs_15, nicolae_fountain_basement, uniq_gastronok,
          uniq_grum

Skill      XL: |  1  2  3  4  5  6  7  8  9 10 |
---------------+-------------------------------+-----
Ranged Weapons | 4 5 7 8 9 |  9.0
Armour         | 2 |  2.0
Fighting       | 3 4 6 |  6.1
Dodging        | 3 4 5 6 |  6.9
Invocations    | 1 3 4 |  4.5
Stealth        | |  0.7

Action                     |  1- 3 |  4- 6 |  7- 9 | 10-12 || total
---------------------------+-------+-------+-------+-------++-------
   Fire: Shortbow          |    86 |   203 |    55 |       ||   344
         Orcbow            |       |       |   254 |    57 ||   311
 Invoke: Heroism           |       |       |     6 |     1 ||     7
         Finesse           |       |       |       |     1 ||     1
    Use: Scroll            |     4 |     2 |     8 |       ||    14
         Potion            |       |     3 |     7 |       ||    10
 Armour: Leather armour    |    23 |       |       |       ||    23
         Ring mail         |    11 |    44 |   157 |       ||   212
         Troll leather arm |       |       |     7 |    33 ||    40
  Dodge: Dodged            |    43 |    35 |   145 |    52 ||   275
         Repelled          |       |       |     1 |     1 ||     2

Table legend:
 A = Non-vault XP
 B = Vault XP
 C = Vault XP percentage of total XP
 D = Non-vault monster count
 E = Vault monster count
 F = Vault count percentage of total count
                 A         B        C        D         E       F
            +---------+---------+-------+---------+---------+-------
      Total |    3475 |    1415 |  28.9 |     141 |      28 |  16.6
            +---------+---------+-------+---------+---------+-------
        D:1 |      51 |      35 |  40.7 |      23 |       1 |   4.2
        D:2 |      49 |       5 |   9.3 |      22 |       4 |  15.4
        D:3 |      80 |       4 |   4.8 |      20 |       2 |   9.1
        D:4 |     326 |       0 |   0.0 |      25 |       0 |   0.0
        D:5 |      93 |       0 |   0.0 |       3 |       0 |   0.0
        D:6 |     908 |     631 |  41.0 |      13 |      15 |  53.6
        D:7 |    1686 |     126 |   7.0 |      34 |       1 |   2.9
        D:8 |     282 |     614 |  68.5 |       1 |       5 |  83.3
            +---------+---------+-------+---------+---------+-------
